 Dungeon Crawl Stone Soup version 0.22.1-2-g9c5b331 (webtiles) character file.

1465 whitewolfNL the Cudgeler (level 8, -10/68 HPs)
             Began as a Minotaur Berserker on Nov 21, 2018.
             Was an Elder of Trog.
             Mangled by a two-headed ogre
             ... wielding a cursed +0 giant spiked club
              (23 damage)
             ... on level 7 of the Dungeon.
             The game lasted 00:27:13 (6531 turns).

whitewolfNL the Cudgeler (Minotaur Berserker)       Turns: 6531, Time: 00:27:13

Health: -10/68     AC: 13    Str: 22    XL:     8   Next: 48%
Magic:  7/7        EV:  6    Int:  5    God:    Trog [****..]
Gold:   403        SH: 10    Dex: 11    Spells: 7/7 levels left

rFire    x . .     SeeInvis .   t - -1 flail (curse)
rCold    + . .     Gourm    .   M - +0 shield
rNeg     . . .     Faith    .   k - +0 plate armour
rPois    .         Spirit   .   (helmet restricted)
rElec    .         Reflect  .   (no cloak)
rCorr    .         Harm     .   (no gloves)
MR       .....                  j - +0 pair of boots
Stlth    ..........             (no amulet)
HPRegen  0.21/turn              i - ring of ice
MPRegen  0.10/turn              (no ring)

@: berserk cooldown, slowed, very slow
A: retaliatory headbutt, horns 2
a: Berserk, Trog's Hand, Brothers in Arms, Renounce Religion


You were on level 7 of the Dungeon.
You worshipped Trog.
Trog was greatly pleased with you.
You were hungry.

You visited 1 branch of the dungeon, and saw 7 of its levels.

You collected 403 gold pieces.

Inventory:

Hand Weapons
 a - a +0 mace
 n - a +0 dire flail
 s - a +2 dagger of electrocution
 t - a cursed -1 flail (weapon)
 u - a +0 halberd
 x - a +0 morningstar
 A - a +0 hunting sling
Missiles
 b - 61 bolts
 h - 114 stones (quivered)
 E - 60 arrows
 F - 29 sling bullets
Armour
 j - a +0 pair of boots (worn)
 k - a +0 plate armour (worn)
 M - a +0 shield (worn)
Magical Staves
 H - an uncursed staff of summoning {unknown}
 I - a cursed staff of cold {unknown}
Jewellery
 i - a ring of ice (left hand)
Scrolls
 e - a scroll of enchant armour
 o - a scroll of fear
 p - 2 scrolls of enchant weapon
 v - a scroll of identify
 z - a scroll of noise {unknown}
 J - a scroll of amnesia {unknown}
 P - a scroll of remove curse
Potions
 d - 2 potions of invisibility {unknown}
 f - a potion of brilliance {unknown}
 g - 2 potions of heal wounds
 l - a potion of ambrosia {unknown}
 m - a potion of flight {unknown}
 q - 5 potions of curing {unknown}
 r - a potion of magic {unknown}
 w - a potion of resistance {unknown}
Comestibles
 c - 5 rations
 B - 2 chunks of flesh


   Skills:
 + Level 5.0 Fighting
 * Level 7.9 Maces & Flails
 * Level 5.8 Armour
 * Level 4.5 Dodging
 * Level 2.8 Stealth
 * Level 5.4 Shields


You had 7 spell levels left.
You didn't know any spells.
Your spell library was empty.

Dungeon Overview and Level Annotations

Branches:
Dungeon (7/15)             Temple (0/1) D:4

Altars:
Elyvilon
Fedhas
Gozag
Hepliaklqana
Qazlal
Uskayaw
Xom
Yredelemnul
Zin
The Shining One

Shops:
D:6 !


Innate Abilities, Weirdness & Mutations

You reflexively headbutt those who attack you in melee.
You have a pair of horns on your head.


Message History

* * * LOW HITPOINT WARNING * * *
You are too berserk!
Unknown command.
You feel a strong urge to attack something.
You feel your anger nearly subside.
You are no longer berserk.
You are exhausted.
You feel yourself slow down.
You feel much better.
You feel much better. You block the two-headed ogre's attack.
The two-headed ogre hits you but does no damage.
You barely miss the two-headed ogre. You headbutt the two-headed ogre!
The two-headed ogre is almost dead.
The two-headed ogre hits you with a giant spiked club.
The two-headed ogre hits you with a giant club!
Your plate armour prevents you from hitting the two-headed ogre.
The two-headed ogre is almost dead.
The two-headed ogre hits you with a giant spiked club!
* * * LOW HITPOINT WARNING * * *
The two-headed ogre hits you with a giant club!!
You die...

# ##### #. #.#..
#.##### #.#.# #.....#
#.#.# ###.#.###:#.#
#.#..@O.#O# #.#.###.#.#
## #.#...#...# #.
#.######### #.
#.###################.
#..................รท..
######################


You could see a two-headed ogre.

Vanquished Creatures
  Menkaure (D:6)
  An orc warrior (D:5)
  A phantom (D:5)
  A bullfrog (D:6)
  A scorpion (D:5)
  4 wights (D:6)
  2 howler monkeys (D:6)
  3 crimson imps
  2 hounds
  An orc priest (D:5)
  3 orc wizards
  5 worker ants
  4 iguanas
  A worker ant zombie (D:5)
  7 adders
  7 gnolls
  A howler monkey skeleton (D:6)
  A shadow imp (D:6)
  An ooze (D:2)
  An adder skeleton (D:7)
  A worm (D:4)
  A dart slug (D:1)
  6 leopard geckos
  29 orcs
  6 giant cockroaches
  13 goblins
  5 hobgoblins
  19 jackals
  A quokka (D:4)
  4 ball pythons
  6 bats
  5 frilled lizards
  9 kobolds
  A quokka zombie (D:6)
  5 rats
  A spectral orc (D:6)
160 creatures vanquished.

Notes
Turn   | Place    | Note
-------+----------+-------------------------------------------
     0 | D:1      | whitewolfNL the Minotaur Berserker began the quest for the
                  | Orb.
     0 | D:1      | Reached XP level 1. HP: 19/19 MP: 0/0
   178 | D:1      | Reached XP level 2. HP: 23/27 MP: 1/1
   190 | D:1      | Reached skill level 4 in Maces & Flails
   455 | D:1      | Reached ** piety under Trog
   526 | D:1      | Reached XP level 3. HP: 29/33 MP: 2/2
   866 | D:2      | Reached XP level 4. HP: 40/40 MP: 3/3
  1058 | D:2      | Found a faded altar of an unknown god.
  1355 | D:3      | Reached skill level 5 in Maces & Flails
  1375 | D:2      | Reached *** piety under Trog
  1545 | D:3      | Reached skill level 1 in Stealth
  1545 | D:3      | Reached skill level 1 in Shields
  1545 | D:3      | Reached XP level 5. HP: 46/46 MP: 4/4
  1782 | D:3      | Found a hide-covered altar of Uskayaw.
  2543 | D:4      | Found a hazy altar of Hepliaklqana.
  2730 | D:4      | Reached XP level 6. HP: 51/53 MP: 5/5
  2779 | D:4      | Found a white marble altar of Elyvilon.
  2780 | D:4      | Found a glowing silver altar of Zin.
  2781 | D:4      | Found a glowing golden altar of the Shining One.
  2893 | D:4      | Found a shimmering altar of Xom.
  3090 | D:4      | Reached skill level 6 in Maces & Flails
  3386 | D:4      | Found a stormy altar of Qazlal.
  3512 | D:4      | Found a staircase to the Ecumenical Temple.
  3931 | D:5      | Entered Level 5 of the Dungeon
  4038 | D:5      | Reached XP level 7. HP: 51/60 MP: 6/6
  4302 | D:5      | Reached **** piety under Trog
  5606 | D:6      | Reached skill level 5 in Armour
  5656 | D:6      | Reached skill level 7 in Maces & Flails
  5735 | D:6      | Reached XP level 8. HP: 55/67 MP: 7/7
  5797 | D:6      | Found an opulent altar of Gozag.
  5808 | D:6      | Found a blossoming altar of Fedhas.
  5830 | D:6      | Reached skill level 5 in Shields
  5838 | D:6      | Found Idoening's Distillery.
  5865 | D:6      | Noticed Menkaure
  5870 | D:6      | Killed Menkaure
  5870 | D:6      | Reached skill level 5 in Fighting
  6372 | D:6      | Found a basalt altar of Yredelemnul.
  6511 | D:7      | Noticed a two-headed ogre
  6523 | D:7      | HP: 1/102 [two-headed ogre/giant spiked club (7)]
  6531 | D:7      | Mangled by a two-headed ogre

Skill      XL: |  1  2  3  4  5  6  7  8 |
---------------+-------------------------+-----
Maces & Flails | 4 5 6 7 |  7.9
Fighting       | 4 5 |  5.0
Dodging        | 3 4 |  4.5
Armour         | 3 4 5 |  5.8
Stealth        | 1 2 |  2.8
Shields        | 1 2 3 4 5 |  5.4

Action                   |  1- 3 |  4- 6 |  7- 9 || total
-------------------------+-------+-------+-------++-------
Melee: Mace              |    53 |       |       ||    53
       Headbutt          |     7 |    38 |    43 ||    88
       Flail             |       |   268 |   220 ||   488
Invok: Berserk           |     3 |     7 |    10 ||    20
  Use: Scroll            |       |     5 |     5 ||    10
       Potion            |       |     1 |     4 ||     5
  Eat: Chunk             |     2 |    12 |     8 ||    22
       Ration            |       |     2 |     2 ||     4
Armor: Animal skin       |     2 |       |       ||     2
       Plate armour      |    26 |   232 |   136 ||   394
Dodge: Dodged            |    18 |    58 |    51 ||   127
Block: Shield            |    10 |   147 |   118 ||   275
